 Dungeon Crawl Stone Soup version 0.28.0-53-g5a82cb258f (webtiles) character file.

Game seed: 13524763786786102357

14 Sin92 the Magician (level 2, -3/20 HPs)
             Began as a Demonspawn Hedge Wizard on July 15, 2022.
             Slain by a gnoll
             ... wielding a +1 vorpal flail
              (5 damage)
             ... on level 1 of the Dungeon.
             The game lasted 00:00:50 (585 turns).

Sin92 the Magician (Demonspawn Hedge Wizard)         Turns: 585, Time: 00:00:51

Health: -3/20      AC:  2    Str: 10    XL:     2   Next: 27%
Magic:  3/6        EV: 12    Int: 15    God:
Gold:   36         SH:  0    Dex: 12    Spells: 6/7 levels left

rFire   . . .      SeeInvis .   a - +0 dagger
rCold   . . .      Faith    .   (no shield)
rNeg    . . .      Spirit   .   b - +0 robe
rPois   .          Reflect  .   c - +0 hat
rElec   .          Harm     .   (no cloak)
rCorr   .          Rampage  .   (no gloves)
Will    .....                   (no boots)
Stlth   ++........              (no amulet)
HPRegen 0.06/turn               (no ring)
MPRegen 0.10/turn               (no ring)

@: no status effects
A: horns 1
a: no special abilities


You were on level 1 of the Dungeon.
You visited 1 branch of the dungeon, and saw 1 of its levels.

You collected 36 gold pieces.

Inventory:

Hand Weapons
 a - a +0 dagger (weapon)
Armour
 b - a +0 robe (worn)
 c - a +0 hat (worn)
Potions
 f - a potion of degeneration {unknown}


   Skills:
 + Level 0.4 Fighting
 + Level 0.3 Short Blades
 + Level 1.9 Dodging
 + Level 1.9 Stealth
 * Level 3.1 Spellcasting
 + Level 1.2 Conjurations
 - Level 1.0 Summonings
 + Level 1.0 Translocations


You had 6 spell levels left.
You knew the following spells:

 Your Spells              Type           Power      Damage    Failure   Level
a - Magic Dart            Conj           20%        1d4       12%         1

Your spell library contained the following spells:

 Spells                   Type           Power      Damage    Failure   Level
 Blink                    Tloc           10%        N/A       19%         2
 Slow                     Hex            8%         N/A       21%         1
 Call Imp                 Summ           5%         N/A       21%         2
 Conjure Flame            Conj/Fire      4%         6-21      43%         3
 Mephitic Cloud           Conj/Pois/Air  3%         N/A       45%         3


Dungeon Overview and Level Annotations

Branches:
Dungeon (1/15)

Altars:


Innate Abilities, Weirdness & Mutations

You have a pair of small horns on your head.


Message History

A gnoll comes into view. It is wielding a +1 vorpal flail.
A gnoll is nearby!
The gnoll shouts!
You hear a shout!
A gnoll is nearby!
A gnoll is nearby!
The magic dart hits the gnoll.
The gnoll is lightly wounded.
A hobgoblin comes into view.
The magic dart hits the gnoll.
The gnoll is heavily wounded.
The hobgoblin shouts!
The gnoll hits you with a +1 vorpal flail.
The magic dart hits the gnoll but does no damage.
The gnoll is heavily wounded.
The gnoll hits you with a +1 vorpal flail!
* * * LOW HITPOINT WARNING * * *
A kobold comes into view. It is wielding a +0 club.
You are too injured to fight recklessly!
You are too injured to fight recklessly!
You are too injured to fight recklessly!
Unknown command.
As you read the scroll labelled UJIGGO DOPAUNN, it crumbles to dust.
It is a scroll of amnesia.
Really abort (and waste the scroll)?
Okay, then.
The gnoll misses you.
It was a potion of heal wounds.
You feel much better.
The gnoll hits you with a +1 vorpal flail!
Ouch! That really hurt!
The hobgoblin closely misses you.
Okay, then.
You hit the gnoll.
The gnoll is severely wounded.
The gnoll hits you with a +1 vorpal flail.
* * * LOW HITPOINT WARNING * * *
x2 The hobgoblin misses you.
You completely miss the gnoll.
The gnoll is severely wounded.
The gnoll hits you with a +1 vorpal flail.
You die...

### #..8..#... #.
#...#.....#... #.
....#..<..#...
#.#####....#######..#
.K.......#.........#
................... #
#...#..##.####.##.#
##.###gg.....#.####....#
#......@.........#####.#
#....#...........#####.#
#...$....#.......)#....#
##................#.####
.....#...#....>...†.####
.......................#
#.####.#.#........######
#. #.####.#.#....# #.
#.#...####


You could see a gnoll, a hobgoblin and a kobold.

Vanquished Creatures
  An endoplasm (D:1)
  A giant cockroach (D:1)
  3 hobgoblins (D:1)
  3 ball pythons (D:1)
  3 bats (D:1)
  2 frilled lizards (D:1)
  A rat (D:1)
14 creatures vanquished.

Notes
Turn   | Place    | Note
-------+----------+-------------------------------------------
     0 | D:1      | Sin92 the Demonspawn Hedge Wizard began the quest for the
                  | Orb.
     0 | D:1      | Reached XP level 1. HP: 13/13 MP: 4/4
   124 | D:1      | Reached skill level 1 in Translocations
   178 | D:1      | Gained mutation: You have a pair of small horns on your
                  | head. [demonic ancestry]
   178 | D:1      | Reached XP level 2. HP: 20/20 MP: 3/6
   585 | D:1      | Slain by a gnoll

Illustrated notes

Levels and vault maps discovered:
D:1:      minmay_arrival_solitary_statue, layout_basic

Skill      XL: |  1 |
---------------+----+-----
Translocations | 1 |  1.0
Fighting       | |  0.4
Short Blades   | |  0.3
Dodging        | |  1.9
Stealth        | |  1.9
Spellcasting   | |  3.1
Conjurations   | |  1.2
Summonings     | |  1.0

Action                   || total
-------------------------++-------
Melee: Dagger            ||    27
       Headbutt          ||     4
 Cast: Magic Dart        ||    20
  Use: Scroll            ||     1
       Potion            ||     1
 Stab: Sleeping          ||     1
Armor: Robe              ||     1
Dodge: Dodged            ||    39
